 Dungeon Crawl Stone Soup version 0.17-a0-1248-g117de50 (webtiles) character file.

35 kidanger the Caller (level 3, -3/19 HPs)
             Began as a Deep Elf Summoner on June 5, 2015.
             Was an Initiate of Nemelex Xobeh.
             Shot with a stone by a goblin (4 damage)
             ... led by Robin
             ... on level 2 of the Dungeon.
             The game lasted 00:09:26 (1251 turns).

kidanger the Caller (Deep Elf Summoner)             Turns: 1251, Time: 00:09:26

Health: -3/19      AC:  4    Str:  5    XL:     3   Next: 17%
Magic:  2/10       EV: 13    Int: 20    God:    Nemelex Xobeh [......]
Gold:   90         SH:  0    Dex: 15    Spells: 2 memorised, 6 levels left

rFire  . . .     SeeInvis .     q - +1 hand axe (freeze)
rCold  . . .     Clarity  .     a - +0 robe
rNeg   . . .     SustAt   .     (no shield)
rPois  .         Gourm    .     (no helmet)
rElec  .         Spirit   .     (no cloak)
rCorr  .         Warding  .     (no gloves)
rMut   .         Stasis   .     (no boots)
MR     .....                    (no amulet)
Stlth  ++........               (no ring)
                                (no ring)

@: stone skin, not resistant to hostile enchantments, unstealthy
A: no striking features
a: Renounce Religion


You were on level 2 of the Dungeon.
You worshipped Nemelex Xobeh.
Nemelex Xobeh was noncommittal.
You were not hungry.

You visited 1 branch of the dungeon, and saw 2 of its levels.

You collected 90 gold pieces.

Inventory:

Hand weapons
 q - a +1 hand axe of freezing (weapon)
Armour
 a - a +0 robe (worn)
Scrolls
 d - a scroll of magic mapping {unknown}
 h - 2 scrolls of enchant armour {unknown}
 k - a scroll of enchant weapon {unknown}
 o - a scroll of identify {unknown}
Potions
 e - a potion of mutation {unknown}
 f - 2 potions of heal wounds {unknown}
 g - 2 potions of lignification {unknown}
 i - a potion of curing {unknown}
 j - 2 potions of brilliance {unknown}
 l - a potion of agility {unknown}
Books
 b - a book of Callings

   Spells                             Type                      Level
   a - Summon Small Mammal            Summoning                    1
   b - Call Imp                       Summoning                    2
   c - Call Canine Familiar           Summoning                    3
   d - Summon Guardian Golem          Hexes/Summoning              3
   e - Summon Lightning Spire         Summoning/Air                4
   f - Summon Ice Beast               Ice/Summoning                4
Miscellaneous
 m - an ornate deck of war {drawn: 2}
Comestibles
 c - 2 bread rations
 n - a chunk of flesh
 p - a beef jerky


   Skills:
 * Level 2.5 Dodging
 * Level 2.6 Stealth
 + Level 3.8 Spellcasting
 + Level 5.0 Summonings
 * Level 0.2 Evocations


You had 6 spell levels left.
You knew the following spells:

 Your Spells              Type           Power        Failure   Level  Hunger
a - Summon Small Mammal   Summ           ###.         1%          1    None
b - Call Imp              Summ           ###.....     2%          2    ##.....


Dungeon Overview and Level Annotations

Branches:
Dungeon (2/15)

Altars:
Nemelex Xobeh

Annotations:
D:2 Sigmund, Terence


Message History

That item cannot be evoked!
Evoke which item? (* to show all) (? for menu, Esc to quit)
You draw a card...
It is the Helm.
Your skin hardens.
The goblin barely misses your white imp.
Something barely misses your white imp.
Terence zaps a wand.
You resist with some effort.
It is a wand of confusion.
You swap places.
The goblin closely misses your white imp.
Sigmund mumbles some strange words.
Sigmund flickers and vanishes!
Deactivating autopickup; reactivate with Ctrl-A.
The goblin hits your white imp but does no damage.
Your white imp hits the goblin.
The goblin dies!
A hobgoblin comes into view. It is wielding a dagger.
The goblin misses your white imp.
The goblin shoots a stone.
The stone completely misses your white imp.
The stone hits you.
You die...
Your body disappears without a glow.

############## .###
#.......##... ....#
........##.####....
####@.(......#
#....5(g(.##.# #...
...".##b#gg..##.#
#... #[.#
#@#gg..##.# #... #.
..#(..$...# #.s.
...#.g#)..†# #...
#####.g((..)# #...
####)###.####...
#...%.@......


You could see Terence, a hobgoblin, 5 goblins, a friendly white imp and a
friendly bat.

Vanquished Creatures
  A bat (D:2)
1 creature vanquished.

Vanquished Creatures (collateral kills)
  Robin (D:2)
  An ooze (D:1)
  A worm (D:2)
  2 giant cockroaches
  4 hobgoblins
  4 jackals
  4 bats
  2 giant newts (D:2)
  6 goblins
  6 kobolds
  6 rats
37 creatures vanquished.

Grand Total: 38 creatures vanquished

Notes
Turn   | Place    | Note
--------------------------------------------------------------
     0 | D:1      | kidanger the Deep Elf Summoner began the quest for the Orb.
     0 | D:1      | Reached XP level 1. HP: 10/10 MP: 6/6
   303 | D:1      | Reached XP level 2. HP: 15/15 MP: 2/8
   716 | D:1      | Found a sparkling altar of Nemelex Xobeh.
   725 | D:1      | Became a worshipper of Nemelex Xobeh the Trickster
   860 | D:2      | Noticed Sigmund
   873 | D:2      | Learned a level 2 spell: Call Imp
   896 | D:2      | Noticed Robin
   924 | D:2      | Received a gift from Nemelex Xobeh
  1227 | D:2      | Reached skill level 5 in Summonings
  1238 | D:2      | Killed Robin
  1238 | D:2      | Reached XP level 3. HP: 16/19 MP: 1/10
  1249 | D:2      | Noticed Terence
  1251 | D:2      | Shot with a stone by a goblin

Vault maps used:
D:1:      minmay_arrival_hallway, nemelex_xobeh_ov_fountains_minmay
D:2:      nicolae_qazlal_eye_of_the_storm, first_bread, uniq_sigmund,
          uniq_terence, uniq_robin, uniq_iyjb

Action                   || total
-------------------------++-------
Melee: Hand axe          ||     3
       Unarmed           ||     1
 Cast: Summon Small Mamm ||    77
       Call Imp          ||     5
Evoke: Deck              ||     2
  Eat: Chunk             ||     1
